 Dungeon Crawl Stone Soup version 0.31-a0-175-g9f7f995f2b (webtiles) character file.

Game seed: 13068418929259502208

4 Moral the Ducker (level 1, -3/10 HPs)
             Began as a Felid Berserker on June 17, 2023.
             Was a Follower of Trog.
             Frozen to death by an endoplasm (5 damage)
             ... on level 1 of the Dungeon.
             The game lasted 00:00:20 (37 turns).

Moral the Ducker (Felid Berserker)                    Turns: 37, Time: 00:00:22

Health: -3/10      AC:  1    Str: 13    XL:     1   Next: 58%
Magic:  2/2        EV: 18    Int:  8    God:    Trog [*.....]
Gold:   0          SH:  0    Dex: 15    Spells: 0/0 levels left
                                        Lives:  0   Deaths: 0

rFire   . .          .
                       - Unarmed
rCold   . . .        (shield unavailable)
rNeg    . . .        (body armour unavailable)
rPois   .            (helmet unavailable)
rElec   .            (cloak unavailable)
rCorr   .            (gloves unavailable)
SInv    +            (boots unavailable)
Will    .....        (no amulet)
Stlth   ++           (no ring)
HPRegen 0.21/turn    (no ring)
MPRegen 0.08/turn

%: no passive effects
@: quick
A: very small, claws 1, fangs 3, see invisible, speed 1, shaggy fur 1, stealthy
paws, no weapons or thrown items, no armour, multi-lived
a: Renounce Religion, Berserk


You were on level 1 of the Dungeon.
You worshipped Trog.
Trog was aware of your devotion.
You visited 1 branch of the dungeon, and saw 1 of its levels.

Inventory:

Scrolls
 a - a scroll of torment {unknown}


   Skills:
 + Level 3.0 Fighting
 * Level 4.1 Dodging
 * Level 0.8 Stealth
 + Level 3.0 Unarmed Combat


You couldn't memorise any spells.
You didn't know any spells.
Your spell library was empty.

Dungeon Overview and Level Annotations

Branches:
Dungeon (1/15)

Altars:


Innate Abilities, Weirdness & Mutations

You have sharp claws.
You have razor-sharp teeth.
You have supernaturally acute eyesight. (SInv)
You cover ground quickly. (Speed+)
You are covered in fur. (AC +1)
Your paws help you pounce on unaware monsters.
You are incapable of wielding weapons or throwing items.
You cannot wear armour.
You gain extra lives every three experience levels.


Message History

You see here a +0 dagger.
A goblin comes into view. It is wielding a +0 dagger.
The endoplasm freezes you.
You are frozen.
The goblin shouts!
You scratch the endoplasm.
The endoplasm is heavily wounded.
The goblin closely misses you. The endoplasm closely misses you.
You scratch the endoplasm.
You kill the endoplasm!
Trog accepts your kill.
A rat comes into view.
The goblin closely misses you.
An endoplasm comes into view.
The goblin completely misses you.
A frilled lizard comes into view.
The endoplasm quivers.
You scratch the goblin. Your bite misses the goblin.
The goblin is moderately wounded.
You scratch the goblin but do no damage.
The goblin is moderately wounded.
The goblin hits you with a +0 club.
You closely miss the goblin.
The goblin is moderately wounded.
The goblin hits you with a +0 club.
You scratch the goblin.
The goblin is severely wounded.
The goblin completely misses you.
You scratch the goblin.
You kill the goblin!
Trog accepts your kill. The goblin hits you but does no damage.
You barely miss the goblin. The goblin barely misses you.
You scratch the goblin but do no damage.
The goblin hits you with a +0 dagger.
* * * LOW HITPOINT WARNING * * *
The endoplasm freezes you.
You are frozen.
Ouch! That really hurt!
You die...

###............ ###
................. ...#
##................
#..##....≈§≈≈...#....≈
#......≈≈≈≈≈≈......≈≈
#..$...§§≈≈≈§......≈≈
#......§§§§§≈......≈≈
.###.......§§§§$.####..≈
......J@.).†§§..## ##..
......lg)..§..§.# #.#
.............>..# #..
#.###.#.....##...# .. .
......#......... ...
###.#..#.##.......
.#$#.#..#.###.......
.### #....# #.......


You could see an endoplasm, a goblin and a frilled lizard.

Vanquished Creatures
  A ball python (D:1)
  An endoplasm (D:1)
  2 goblins (D:1)
4 creatures vanquished.

Notes
Turn   | Place    | Note
-------+----------+-------------------------------------------
     0 | D:1      | Moral the Felid Berserker began the quest for the Orb.
     0 | D:1      | Reached XP level 1. HP: 10/10 MP: 2/2
    37 | D:1      | Frozen to death by an endoplasm

Illustrated notes

Levels and vault maps discovered:
D:1:      dpeg_arrival_pits, layout_rooms, minmay_surrounded

Action                     || total
---------------------------++-------
  Melee: Unarmed           ||    12
 Armour: Skin              ||     2
  Dodge: Dodged            ||     8

Table legend: (Time is in decaauts)
 A = Elapsed time spent in this place.
 B = Non-inter-level travel time spent in this place.
 C = Inter-level travel time spent in this place.
 D = Time resting spent in this place.
 E = Time spent auto-exploring this place.
 F = Levels seen in this place.
 G = Mean time per level.
                   A        B        C        D        E       F      G
               +--------+--------+--------+--------+--------+-----+--------+
         Total |     31 |     31 |      0 |      0 |     12 |   1 |   31.0 |
       Dungeon |     31 |     31 |      0 |      0 |     12 |   1 |   31.0 |
               +--------+--------+--------+--------+--------+-----+--------+

Top non-repeatable levels by time:
     D:1: 31 daAuts
